 Dungeon Crawl Stone Soup version 0.19-a0-14-gde87d98 (webtiles) character file.

280474 Karasique the Devastator (level 20, -7/114 HPs)
             Began as a Deep Elf Fire Elementalist on Apr 29, 2016.
             Was the Champion of Vehumet.
             Mangled by a deep troll shaman (15 damage)
             ... led by an ironheart preserver
             ... on level 2 of the Vaults.
             The game lasted 03:43:54 (42567 turns).

Karasique the Devastator (DEFE)                    Turns: 42567, Time: 03:43:54

Health: -7/114     AC:  9    Str:  5    XL:     20   Next: 5%
Magic:  21/41      EV: 22    Int: 36    God:    Vehumet [******]
Gold:   1995       SH:  0    Dex: 18    Spells: 9 memorised, 10 levels left

rFire  + + +     SeeInvis .     q - staff of fire
rCold  x . .     Gourm    .     n - +1 robe "Vietie" {Regen+ Dex+3 Stlth-}
rNeg   . . .     Faith    .     (no shield)
rPois  .         Spirit   .     M - +0 helmet
rElec  .         Dismiss  .     h - +2 cloak {+Inv}
rCorr  .         Reflect  .     f - +1 pair of gloves
SustAt .         Harm     .     (no boots)
MR     ++...     Clarity  +     P - amulet of regeneration
Stlth  +.........               Q - ring of fire
                                C - +4 ring of intelligence

@: very slightly contaminated, delayed fireball, very resistant to hostile
enchantments, very unstealthy
A: clarity, clever 1, fire resistance 1, sturdy frame 1
a: Renounce Religion, Release Delayed Fireball, Evoke Invisibility
}: 1/15 runes: serpentine


You were on level 2 of the Vaults.
You worshipped Vehumet.
Vehumet was exalted by your worship.
You were very hungry.

You visited 7 branches of the dungeon, and saw 33 of its levels.
You also visited: Labyrinth, Sewer, Bailey and Volcano.

You collected 3186 gold pieces.
You spent 1191 gold pieces at shops.

Inventory:

Armour
 f - a +1 pair of gloves (worn)
 h - a +2 cloak of invisibility (worn)
 n - the +1 robe "Vietie" (worn) {Regen+ Dex+3 Stlth-}
   (You found it in a labyrinth)

   It affects your dexterity (+3).
   It increases your rate of regeneration.
   It makes you less stealthy.
 M - a +0 helmet (worn)
Magical Staves
 q - an uncursed staff of fire (weapon)
 w - an uncursed staff of energy
Jewellery
 s - the ring of the Lion {-Tele +Fly rElec rPois rF++}
   (You took it off a minotaur in a labyrinth)

   [ring of flight]

   It greatly protects you from fire.
   It insulates you from electricity.
   It protects you from poison.
   It lets you fly.
   It prevents most forms of teleportation.
 C - a +4 ring of intelligence (left hand)
 P - an amulet of regeneration (around neck)
 Q - a ring of fire (right hand)
Wands
 c - a wand of heal wounds (4/9)
 e - a wand of lightning (15/15)
 g - a wand of disintegration (9/24)
 B - a wand of digging (21/24)
 J - a wand of digging (6/24)
 W - a wand of teleportation (3/9)
 Y - a wand of iceblast (6/15)
Scrolls
 b - a scroll of magic mapping
 k - 4 scrolls of identify
 o - a scroll of enchant armour
 p - 2 scrolls of silence
 u - 2 scrolls of fog
 x - 6 scrolls of teleportation
 y - 2 scrolls of blinking
 D - 3 scrolls of torment
 E - a scroll of enchant weapon
 H - 4 scrolls of fear
 I - 13 scrolls of remove curse
 L - 3 scrolls of vulnerability
 N - a scroll of immolation
 O - a scroll of holy word
Potions
 a - 5 potions of resistance
 d - 8 potions of agility
 i - a potion of heal wounds
 j - 5 potions of flight
 l - 14 potions of curing
 m - 10 potions of brilliance
 r - 3 potions of might
 v - a potion of magic
 z - 3 potions of haste
 F - 4 potions of invisibility
 R - a potion of ambrosia
 T - a potion of berserk rage
Books
 S - a book of Annihilations

   Spells                             Type                      Level
   a - Poison Arrow                   Conjuration/Poison           6
   b - Chain Lightning                Conjuration/Air              8
   c - Lehudib's Crystal Spear        Conjuration/Earth            8
   d - Glaciate                       Conjuration/Ice              9
   e - Fire Storm                     Conjuration/Fire             9
 U - a book of Burglary

   Spells                             Type                      Level
   a - Swiftness                      Charms/Air                   2
   b - Passwall                       Transmutation/Earth          2
   c - Passage of Golubria            Translocation                4
   d - Lee's Rapid Deconstruction     Earth                        5
   e - Darkness                       Hexes                        6
   f - Invisibility                   Hexes                        6
Miscellaneous
 t - a lamp of fire
Comestibles
 A - 5 chunks of flesh
 G - 11 royal jellies
 K - 9 fruits
 Z - 5 meat rations


   Skills:
 + Level 8.6 Fighting
 + Level 12.4 Dodging
 - Level 2.4 Stealth
 + Level 15.7 Spellcasting
 * Level 20.9 Conjurations
 * Level 20.8 Fire Magic
 - Level 5.3 Earth Magic
 + Level 8.4 Evocations


You had 10 spell levels left.
You knew the following spells:

 Your Spells              Type           Power        Failure   Level  Hunger
a - Fire Storm            Conj/Fire      #########.   5%          9    #######
b - Orb of Destruction    Conj           ########..   1%          7    ####...
c - Conjure Flame         Conj/Fire      ########     0%          3    None
d - Sticky Flame          Conj/Fire      ########     0%          4    None
e - Fireball              Conj/Fire      #########.   0%          5    None
f - Inner Flame           Hex/Fire       ########     1%          3    None
j - Bolt of Magma         Conj/Fire/Erth ########..   1%          5    None
k - Delayed Fireball      Conj/Fire      N/A          1%          7    ####...
l - Throw Flame           Conj/Fire      ######       0%          2    None


Dungeon Overview and Level Annotations

Branches:
Dungeon (15/15)            Temple (1/1) D:7            Lair (8/8) D:10
 Shoals (1/4) Lair:5        Snake (4/4) Lair:3        Slime (0/6) Lair:8
    Orc (2/2) D:12            Elf (0/3) Orc:2        Vaults (2/5) D:14
  Crypt (0/3) Vaults:2     Depths (0/5) D:15

Altars:
Ashenzari
Cheibriados
Dithmenos
Elyvilon
Fedhas
Gozag
Kikubaaqudgha
Makhleb
Nemelex Xobeh
Okawaru
Pakellas
Qazlal
Ru
Sif Muna
Trog
Vehumet
Xom
Yredelemnul
Zin
The Shining One
Jiyva

Shops:
D:13 !   Orc:2 ([(=*   Snake:1 ?   Snake:3 *   Vaults:1 *

Annotations:
D:2 Natasha
D:7 1 exclusion, Karasique's ghost, novice DrWz
Shoals:1 Louise


Innate Abilities, Weirdness & Mutations

You possess an exceptional clarity of mind.
Your mind is acute. (Int +2)
Your flesh is heat resistant.
Your movements are slightly less encumbered by armour (ER -2).


Message History

The deep troll is engulfed in roaring flames.
The deep troll shaman calls upon its god to strengthen the deep troll shaman.
The deep troll shaman seems to grow stronger.
You continue eating.
The deep troll shaman closely misses you.
The deep troll shaman claws you!
The deep troll shaman closely misses you.
The deep troll shaman bites you! The deep troll shaman claws you!
The deep troll shaman closely misses you.
You continue eating.
The deep troll shaman bites you!!
The deep troll shaman completely misses you.
The deep troll shaman misses you. x2; The deep troll shaman claws you!
The deep troll shaman claws you but does no damage.
The deep troll bites you! The deep troll claws you!
The deep troll closely misses you.
The deep troll shaman bites you but does no damage.
The deep troll shaman closely misses you.
The deep troll shaman claws you!
You die...

.......................
..............(........
..................†##
...................#
...................#
...................#
>....########......#
....## ##.....# ....#
#..@..# ...## ##TTT.#
...# ##...# ...# #...).
...# +...... ...#
#........ ...#
+.).).... ...#
#........ ...#


You could see a deep troll and 2 deep troll shamans.

Vanquished Creatures
  8 greater nagas (Snake:4)
  2 vault wardens (Vaults:1)
  3 orc warlords
  2 ironheart preservers (Vaults:1)
  A stone giant (D:14)
  Nessos (Orc:2)
  2 salamander stormcallers
  7 vault guards
  A minotaur (Lab)
  The ghost of whitenoisemaker the Grappler, a journeyman TrMo of Makhleb (Lair:2)
  19 naga warriors
  An ice dragon (Lair:8)
  11 hydras
  A merfolk avatar (Shoals:1)
  5 centaur warriors
  3 ogre magi
  33 anacondas
  3 death knights
  16 death yaks
  A tengu warrior (D:14)
  5 orc high priests (Orc:2)
  8 shock serpents
  14 naga sharpshooters
  A salamander mystic (Snake:4)
  A skeletal warrior (D:12)
  2 unseen horrors
  2 ironbrand convokers (Vaults:1)
  11 hill giants
  2 deep trolls (Vaults:2)
  11 naga ritualists
  A tengu zombie (Vaults:1)
  A deep elf archer (D:14)
  6 harpies
  18 mana vipers
  3 lindwurms (Lair:8)
  A necromancer (Vaults:1)
  4 wizards
  9 orc knights
  4 orc sorcerers
  6 deep elf magi
  A harpy (shapeshifter) (Vaults:2)
  A wolf spider zombie (D:15)
  18 ugly things
  A hornet (Vaults:1)
  A wolf spider (D:14)
  4 manticores
  13 salamanders
  2 griffons
  5 cyclopes
  A centaur zombie (D:14)
  A fire giant skeleton (Vaults:1)
  48 black mambas
  6 vault sentinels
  A water nymph (Shoals:1)
  13 guardian serpents
  A gargoyle (D:14)
  2 human zombies (Vaults:1)
  18 naga magi
  2 centaur skeletons
  5 torpor snails (Lair:8)
  17 spiny frogs
  A kobold demonologist (D:12)
  9 komodo dragons
  7 yaktaurs
  5 rime drakes
  5 freezing wraiths
  A tengu conjurer (D:15)
  The ghost of whitenoisemaker the Ruffian, an amateur TrMo of Trog (D:4)
  A spriggan druid (Lair:5)
  A wolf spider simulacrum (Vaults:1)
  11 trolls
  A polar bear (Lair:7)
  10 two-headed ogres
  34 blink frogs
  A snapping turtle (Shoals:1)
  A boulder beetle (Vaults:1)
  A fire giant simulacrum (Vaults:1)
  6 giant leeches (Lair:8)
  17 slime creatures
  A centaur simulacrum (D:14)
  2 flying skulls (Volcano)
  2 shadows
  12 redbacks
  4 vampires
  A human (D:14)
  64 yaks
  5 wyverns
  A basilisk (shapeshifter) (Vaults:2)
  4 basilisks
  7 wraiths
  8 vampire mosquitoes
  A hippogriff (shapeshifter) (D:14)
  15 hippogriffs
  3 hungry ghosts
  A mottled dragon (Vaults:1)
  6 wargs
  62 nagas
  A soldier ant (shapeshifter) (Vaults:1)
  2 hell hounds (Lair:1)
  10 water moccasins
  16 porcupines
  41 orc warriors
  6 sky beasts
  3 phantoms
  3 ice beasts
  3 black bears
  A necrophage (D:13)
  3 wasps (Lair:8)
  22 ogres
  5 wolves
  6 boggarts (Vaults:1)
  16 centaurs
  15 crocodiles
  A human skeleton (Vaults:1)
  3 big kobolds
  A wyvern zombie (D:14)
  22 giant frogs
  6 scorpions
  3 wyvern skeletons
  7 killer bees
  2 electric eels (Lair:8)
  2 vampire bats (Lair:7)
  6 howler monkeys
  8 crimson imps
  A quasit (D:9)
  9 hounds
  A giant frog zombie (D:13)
  4 jellies
  17 orc priests
  A giant frog skeleton (D:11)
  17 iguanas
  Terence (D:3)
  27 orc wizards
  Natasha (twice) (D:2)
  8 worker ants
  34 sheep
  4 hound zombies
  4 hound skeletons
  10 gnolls
  A howler monkey skeleton (D:5)
  12 adders
  99 river rats
  6 shadow imps
  7 oozes
  An adder skeleton (D:6)
  An adder zombie (D:6)
  19 worms
  2 dart slugs
  8 giant geckos
  89 orcs
  14 bats
  4 giant cockroaches
  9 hobgoblins
  14 jackals
  46 kobolds
  3 quokkas
  4 ball pythons
  A giant gecko skeleton (D:5)
  4 giant newts
  14 goblins
  A jackal skeleton (D:4)
  A quokka skeleton (D:7)
  35 rats
  2 fire vortices
  3 fungi
  10 plants
1468 creatures vanquished.

Vanquished Creatures (collateral kills)
  A greater naga (Snake:4)
  A vault warden (Vaults:1)
  An ironheart preserver (Vaults:2)
  A vault guard (Vaults:1)
  2 nagas
  2 orcs
8 creatures vanquished.

Vanquished Creatures (others)
  53 fire vortices
  14 fungi
  10 plants
77 creatures vanquished.

Grand Total: 1553 creatures vanquished

Notes
Turn   | Place    | Note
--------------------------------------------------------------
     0 | D:1      | Karasique the Deep Elf Fire Elementalist began the quest for the Orb.
     0 | D:1      | Reached XP level 1. HP: 10/10 MP: 6/6
   410 | D:1      | Reached XP level 2. HP: 15/15 MP: 5/8
   525 | D:1      | Learned a level 2 spell: Throw Flame
  1123 | D:2      | Reached XP level 3. HP: 19/19 MP: 10/10
  1131 | D:2      | Learned a level 3 spell: Conjure Flame
  1239 | D:2      | Noticed Natasha
  1291 | D:2      | Found a white marble altar of Elyvilon.
  1480 | D:2      | Found a shimmering altar of Xom.
  1491 | D:2      | Found a shimmering altar of Xom.
  1491 | D:2      | Found a shimmering altar of Xom.
  1491 | D:2      | Found a shimmering altar of Xom.
  1492 | D:2      | Found a shimmering altar of Xom.
  1715 | D:2      | Killed Natasha
  1715 | D:2      | Reached XP level 4. HP: 24/24 MP: 7/12
  1773 | D:2      | Noticed Natasha
  1799 | D:2      | Killed Natasha
  1808 | D:2      | Reached XP level 5. HP: 28/28 MP: 0/13
  2087 | D:2      | Noticed Natasha
  2136 | D:3      | Learned a level 4 spell: Sticky Flame
  2598 | D:3      | Reached skill level 5 in Fire Magic
  2834 | D:3      | Noticed Terence
  2841 | D:3      | Killed Terence
  2849 | D:3      | Found a stormy altar of Qazlal.
  3244 | D:4      | Reached XP level 6. HP: 32/32 MP: 6/14
  3258 | D:4      | Noticed whitenoisemaker's ghost (amateur TrMo)
  3539 | D:4      | Reached skill level 5 in Conjurations
  3665 | D:4      | Reached XP level 7. HP: 28/36 MP: 9/15
  3993 | D:4      | Killed whitenoisemaker's ghost
  4202 | D:5      | Entered Level 5 of the Dungeon
  4203 | D:5      | Reached skill level 5 in Spellcasting
  4562 | D:5      | Found a glowing drain.
  4602 | Sewer    | Entered a sewer
  4896 | Sewer    | Reached XP level 8. HP: 37/41 MP: 19/19
  6147 | D:5      | Learned a level 5 spell: Fireball
  6311 | D:5      | Learned a level 3 spell: Inner Flame
  7066 | D:6      | Reached skill level 1 in Fighting
  7457 | D:7      | Found a staircase to the Ecumenical Temple.
  7467 | Temple   | Entered the Ecumenical Temple
  7603 | Temple   | Became a worshipper of Vehumet
  7793 | D:7      | Found an ancient bone altar of Kikubaaqudgha.
  7793 | D:7      | Found a blossoming altar of Fedhas.
  7829 | D:7      | Found an iron altar of Okawaru.
  7830 | D:7      | Found a bloodstained altar of Trog.
  7889 | D:7      | Reached XP level 9. HP: 47/47 MP: 19/21
  7891 | D:7      | Noticed Karasique's ghost (novice DrWz)
  8245 | D:7      | Found an oddly glowing altar of Pakellas.
  8247 | D:7      | Noticed a brown ugly thing
  8356 | D:7      | Found a basalt altar of Yredelemnul.
  8356 | D:7      | Found a glowing golden altar of the Shining One.
  8401 | D:7      | Noticed a profane servitor
  8409 | D:7      | Noticed an angel
  8461 | D:8      | Found a flagged portal.
  8475 | Bailey   | Entered a bailey
  8497 | Bailey   | Learned a level 2 spell: Corpse Rot
  8541 | Bailey   | Noticed an orc warlord
  8562 | Bailey   | Reached * piety under Vehumet
  8562 | Bailey   | Offered knowledge of Sandblast by Vehumet.
  8720 | Bailey   | Found a runed gate.
  8722 | Bailey   | Found a runed gate.
  8725 | Bailey   | Found a runed gate.
  8984 | Bailey   | Killed an orc warlord
  8984 | Bailey   | Reached skill level 5 in Dodging
  8984 | Bailey   | Reached skill level 10 in Fire Magic
  9347 | D:8      | Reached XP level 10. HP: 56/56 MP: 18/22
  9383 | D:8      | Offered knowledge of Freeze by Vehumet.
  9389 | D:8      | Reached ** piety under Vehumet
  9591 | D:8      | Reached skill level 10 in Conjurations
  9659 | D:8      | Found a glowing silver altar of Zin.
  9696 | D:8      | Found a deep blue altar of Sif Muna.
 10221 | D:9      | Gained mutation: Your mind is acute. (Int +2) [mutagenic meat]
 10222 | D:9      | Gained mutation: You possess an exceptional clarity of mind. [mutagenic meat]
 10322 | D:9      | Offered knowledge of Ignite Poison by Vehumet.
 10601 | D:9      | Reached *** piety under Vehumet
 11019 | D:10     | Entered Level 10 of the Dungeon
 11103 | D:10     | Noticed a hill giant
 11113 | D:10     | Killed a hill giant
 11515 | D:10     | Offered knowledge of Mephitic Cloud by Vehumet.
 11515 | D:10     | Reached XP level 11. HP: 33/61 MP: 9/23
 11711 | D:10     | Noticed a hill giant
 11722 | D:10     | Killed a hill giant
 11926 | D:10     | Found a staircase to the Lair.
 12100 | D:10     | Reached **** piety under Vehumet
 12201 | D:11     | Gained mutation: Your flesh is heat resistant. [potion of beneficial mutation]
 12326 | D:11     | Offered knowledge of Iskenderun's Battlesphere by Vehumet.
 12631 | D:11     | You fall through a shaft!
 12914 | D:12     | Noticed a deep elf mage
 12925 | D:12     | Killed a deep elf mage
 13047 | D:11     | Noticed a hill giant
 13074 | D:11     | Killed a hill giant
 13085 | D:11     | Learned a level 5 spell: Iskenderun's Battlesphere
 13529 | D:11     | Noticed a white ugly thing
 13541 | D:11     | Killed a white ugly thing
 13541 | D:11     | Reached skill level 5 in Fighting
 14178 | D:12     | Found a staircase to the Orcish Mines.
 14377 | D:12     | Noticed a four-headed hydra
 14382 | D:12     | Killed a four-headed hydra
 14523 | D:12     | Noticed a hill giant
 14530 | D:12     | Killed a hill giant
 14716 | D:12     | Noticed a death knight
 14716 | D:12     | Noticed a skeletal warrior
 14805 | Lair:1   | Entered Level 1 of the Lair of Beasts
 14846 | Lair:1   | Found a dark tunnel.
 14871 | Volcano  | Entered a volcano
 14893 | Volcano  | Reached XP level 12. HP: 44/68 MP: 17/27
 14898 | Volcano  | Learned a level 2 spell: Throw Frost
 15111 | Lair:1   | Reached ***** piety under Vehumet
 15120 | Lair:1   | Offered knowledge of Lightning Bolt by Vehumet.
 15233 | Lair:1   | Found a labyrinth entrance.
 15242 | Lab      | Entered a labyrinth
 15477 | Lab      | Got a twisted robe
 15488 | Lab      | Identified the +1 robe "Vietie" {Regen+ Dex+3 Stlth-} (You found it in a labyrinth)
 15516 | Lab      | Noticed a minotaur
 15533 | Lab      | Killed a minotaur
 15575 | Lab      | Got a bound brass ring
 15576 | Lab      | Got a translucent mace {flame}
 15582 | Lab      | Identified the ring of the Lion {-Tele +Fly rElec rPois rF++} (You took it off a minotaur in a labyrinth)
 15589 | Lair:1   | Identified the +10 mace of Triumph {flame, Int+5 Stlth+} (You took it off a minotaur in a labyrinth)
 15664 | Lair:1   | Reached skill level 10 in Spellcasting
 16238 | Lair:2   | Noticed whitenoisemaker's ghost (journeyman TrMo)
 16587 | Lair:2   | Killed whitenoisemaker's ghost
 17331 | Lair:3   | Found a staircase to the Snake Pit.
 17642 | Lair:3   | Learned a level 5 spell: Bolt of Magma
 17974 | Lair:4   | Noticed a seven-headed hydra
 17977 | Lair:4   | Killed a seven-headed hydra
 17977 | Lair:4   | Reached XP level 13. HP: 74/74 MP: 16/30
 18173 | Lair:4   | Reached skill level 1 in Earth Magic
 18595 | Lair:4   | Offered knowledge of Poisonous Cloud by Vehumet.
 19365 | Lair:5   | Got an ebony trident
 19367 | Lair:5   | Identified the +4 trident of Yphuiq {pain, rF+} (You found it on level 5 of the Lair of Beasts)
 19437 | Lair:5   | Found a staircase to the Shoals.
 19681 | Lair:5   | Reached skill level 10 in Dodging
 20628 | Lair:6   | Reached ****** piety under Vehumet
 20632 | Lair:6   | Offered knowledge of Delayed Fireball by Vehumet.
 20641 | Lair:6   | Learned a level 7 spell: Delayed Fireball
 20821 | Lair:6   | Reached XP level 14. HP: 82/82 MP: 23/33
 20983 | Lair:6   | Identified a scroll of acquirement
 22150 | Lair:7   | Reached skill level 5 in Earth Magic
 22301 | Lair:7   | Offered knowledge of Irradiate by Vehumet.
 23067 | Lair:8   | Entered Level 8 of the Lair of Beasts
 23105 | Lair:8   | Reached skill level 15 in Fire Magic
 23658 | Lair:8   | Found a staircase to the Slime Pits.
 23658 | Lair:8   | Found a viscous altar of Jiyva.
 23873 | Lair:8   | Offered knowledge of Bolt of Cold by Vehumet.
 23988 | Lair:8   | Learned a level 7 spell: Orb of Destruction
 24053 | Lair:8   | Found a runed door.
 24242 | Lair:8   | Reached skill level 15 in Conjurations
 25419 | D:12     | Reached XP level 15. HP: 88/88 MP: 4/35
 25621 | D:12     | Got a twisted dagger
 25622 | D:12     | Identified the +4 dagger of Dried Tears {antimagic, rF+ Int+2 Stlth+} (You found it on level 12 of the Dungeon)
 25957 | D:13     | Offered knowledge of Conjure Ball Lightning by Vehumet.
 26100 | D:13     | Found Ackic's Distillery.
 26108 | D:13     | Bought a potion of curing for 45 gold pieces
 26108 | D:13     | Bought a potion of resistance for 150 gold pieces
 26108 | D:13     | Bought a potion of haste for 150 gold pieces
 26108 | D:13     | Bought a potion of curing for 45 gold pieces
 26108 | D:13     | Bought a potion of brilliance for 60 gold pieces
 27105 | D:14     | Reached skill level 1 in Evocations
 27565 | D:14     | Found a deep blue altar of Sif Muna.
 27829 | D:14     | Offered knowledge of Freezing Cloud by Vehumet.
 28327 | D:14     | Found a gate to the Vaults.
 28477 | D:14     | Found a runed door.
 28944 | D:14     | Noticed an orc warlord
 28950 | D:14     | Killed an orc warlord
 29161 | D:15     | Entered Level 15 of the Dungeon
 29814 | D:15     | Reached skill level 5 in Evocations
 29820 | D:15     | Reached XP level 16. HP: 87/93 MP: 7/36
 30217 | D:15     | Offered knowledge of Shatter by Vehumet.
 30217 | D:15     | Offered knowledge of Chain Lightning by Vehumet.
 30217 | D:15     | Offered knowledge of Tornado by Vehumet.
 30405 | D:15     | Found a staircase to the Depths.
 30503 | D:15     | Found an iron altar of Okawaru.
 30607 | Orc:1    | Entered Level 1 of the Orcish Mines
 30969 | Orc:2    | Entered Level 2 of the Orcish Mines
 31173 | Orc:2    | Noticed Nessos
 31176 | Orc:2    | Killed Nessos
 31684 | Orc:2    | Found Cugirrea's Antique Weapon Boutique.
 31809 | Orc:2    | Found a staircase to the Elven Halls.
 32052 | Orc:2    | Found Folachaz's General Store.
 32089 | Orc:2    | Found Owagoc's Jewellery Emporium.
 32153 | Orc:2    | Found Xuic's Antique Armour Boutique.
 32173 | Orc:2    | Found Ojeiposk's Weapon Shop.
 32663 | Snake:1  | Entered Level 1 of the Snake Pit
 33473 | Snake:1  | Found Hioduwn's Magic Scroll Shop.
 33476 | Snake:1  | Bought a scroll of amnesia for 66 gold pieces
 33476 | Snake:1  | Bought a scroll of amnesia for 66 gold pieces
 33549 | Snake:1  | Learned a level 9 spell: Fire Storm
 35128 | Snake:2  | Reached XP level 17. HP: 45/97 MP: 4/37
 38045 | Snake:3  | Found Eshops's Assorted Antiques.
 38048 | Snake:3  | Bought a potion of brilliance for 160 gold pieces
 38048 | Snake:3  | Bought a potion of brilliance for 160 gold pieces
 38427 | Snake:4  | Entered Level 4 of the Snake Pit
 39835 | Snake:4  | Reached XP level 18. HP: 103/103 MP: 30/38
 40266 | Snake:4  | Reached skill level 15 in Spellcasting
 40368 | Snake:4  | Got a serpentine rune of Zot
 40566 | Shoals:1 | Entered Level 1 of the Shoals
 40566 | Shoals:1 | Noticed Louise
 40804 | Vaults:1 | Entered Level 1 of the Vaults
 41597 | Vaults:1 | Found Gases Weuwio's Assorted Antiques.
 41598 | Vaults:1 | Gained mutation: Your movements are slightly less encumbered by armour (ER -2). [potion of beneficial mutation]
 41601 | Vaults:1 | Reached XP level 19. HP: 108/108 MP: 40/40
 41605 | Vaults:1 | Bought a potion of heal wounds for 170 gold pieces
 41605 | Vaults:1 | Bought a scroll of fear for 119 gold pieces
 41723 | Vaults:1 | Got an ancient leather armour
 41734 | Vaults:1 | Identified the cursed +0 leather armour of Devotion {rPois Int+3 Slay+3} (You found it on level 1 of the Vaults)
 42392 | Vaults:2 | Reached XP level 20. HP: 114/114 MP: 38/41
 42444 | Vaults:2 | Found a staircase to the Crypt.
 42444 | Vaults:2 | Found an ancient bone altar of Kikubaaqudgha.
 42445 | Vaults:2 | Found a basalt altar of Yredelemnul.
 42567 | Vaults:2 | Mangled by a deep troll shaman

Vault maps used:
D:1:      tarquinn_simple_flora_water_d, minmay_misc_feat_nine_boxes
D:2:      lemuel_doored_altar, xom_redecorated, uniq_natasha
D:3:      marbit_many_paths, uniq_terence
D:4:      first_bread
D:5:      portal_sewer_entry_e
D:7:      grunt_temple_overflow_holy_war,
          grunt_temple_overflow_growth_and_decay,
          gammafunk_pakellas_cloud_experiment, grunt_temple_overflow_bloody_war,
          minmay_temple_entry_glass
D:8:      kennysheep_mini_moat, old_standard_altar, enter_bailey_3,
          hangedman_little_slice_of_home
D:9:      kennysheep_generic_room_5
D:10:     erik_lair_orcish_takeover
D:11:     small_chamber_with_monster
D:12:     minmay_connected_triangles_in_corner, orc_0_dummy
D:13:     serial_shops, shop
D:14:     grunt_vaults_entry_fortified, lemuel_blue_sif_altar, lightli_airlock
D:15:     grunt_enter_depths_magical_seal, hangedman_decor_riveting,
          okawaru_ov_weapons_minmay
Temple:   jpeg_temple_alley_garden_8
Lair:1:   lab_entry_generic, enter_volcano_3, minivault_11, st_stairs_12
Lair:2:   grunt_megastairs_5
Lair:3:   guppyfry_snake_entry_island
Lair:4:   st_stairs_7
Lair:5:   minmay_shoals_entry_beasts, kilobyte_rumbling_trees
Lair:6:   grunt_megastairs_4, serial_bayou_shore_a
Lair:7:   minivault_19, roderic_batcave, grunt_megastairs_2
Lair:8:   wormcave, slime_altar_1, nicolae_quartered_pool_little
Shoals:1: nicolae_shoals_siren_and_animal_friends, uniq_louise
Snake:1:  serial_shops, nicolae_shop_window_shopping, spider_trap
Snake:2:  grunt_ministairs_4
Snake:3:  serial_shops, nicolae_shop_behind_doors
Snake:4:  grunt_snake_rune_serpentine_throne
Orc:2:    grunt_orc_gardens, grunt_orc_garden, grunt_orc_garden,
          grunt_orc_garden, grunt_orc_garden, serial_shops,
          nicolae_shop_crystal, mines4_lemuel, uniq_nessos
Vaults:1: nicolae_vaults_stairing_the_circle, v_misc_26,
          vaults_room_ringed_pool, vaults_room_grid, nicolae_vaults_rhombus_6,
          v_pattern_1, vaults_room_fours, nicolae_vaults_alarming, serial_shops,
          shop_statue
Vaults:2: nicolae_vaults_meeting, minmay_crypt_entry_necro_gods,
          nicolae_vaults_little_squares_6, dpeg_vaults_monster_box,
          v_alt_pattern_4, nicolae_vaults_hallways_thing, vaults_dpeg_cross,
          v_misc_28, ontoclasm_vaults_twist, v_misc_29,
          nicolae_vaults_windows_and_doors_thing, nicolae_vaults_asterisk,
          hangedman_vaults_trim, serial_shops, nicolae_shop_overgrown_old_shop
Lab:      labyrinth_watery, nicolae_lab_big_swirl, nicolae_lab_lava,
          nicolae_lab_arrow, nicolae_lab_grate_2, lab_block,
          nicolae_lab_t_cross, labyrinth_skeletal_remains, nicolae_lab_swirl,
          nicolae_lab_quarters, labyrinth_lava_lair
Sewer:    sewer_minmay_treatment
Bailey:   bailey_axe_bossmonster_kennysheep, bailey
Volcano:  volcano_tomb

Skill      XL: |  1  2  3  4  5  6  7  8  9 10 11 12 13 14 15 16 17 18 |
---------------+-------------------------------------------------------+-----
Conjurations   | 2 3 4 5 6 7 9 10 12 13 14 15 16 18 19 20 | 20.9
Spellcasting   | 4 6 7 9 11 13 14 15 | 15.7
Fire Magic     | 4 5 6 7 8 10 11 12 13 14 15 16 18 19 20 | 20.8
Fighting       | 1 3 4 5 6 7 8 |  8.6
Dodging        | 5 7 8 9 10 11 12 | 12.4
Earth Magic    | 4 5 |  5.3
Evocations     | 5 6 8 |  8.4
Stealth        | |  2.4

Action                   |  1- 3 |  4- 6 |  7- 9 | 10-12 | 13-15 | 16-18 | 19-21 || total
-------------------------+-------+-------+-------+-------+-------+-------+-------++-------
Melee: Short sword       |    10 |    23 |    10 |       |       |       |       ||    43
       Unarmed           |     1 |       |       |       |       |       |       ||     1
       War axe           |       |       |    67 |       |       |       |       ||    67
       Lajatang          |       |       |     2 |   195 |       |       |       ||   197
       Mace              |       |       |       |    38 |   160 |     7 |       ||   205
       Staff             |       |       |       |       |    11 |    58 |    11 ||    80
 Cast: Flame Tongue      |    59 |   106 |   250 |   347 |    71 |     1 |       ||   834
       Throw Flame       |     5 |    12 |    26 |    64 |    96 |    11 |       ||   214
       Conjure Flame     |       |     2 |     4 |    23 |     3 |     1 |       ||    33
       Sticky Flame      |       |       |    13 |    39 |    39 |    33 |     1 ||   125
       Inner Flame       |       |       |     5 |    22 |    20 |    24 |       ||    71
       Fireball          |       |       |     2 |    38 |   325 |   305 |     1 ||   671
       Iskenderun's Batt |       |       |       |    38 |    25 |     1 |       ||    64
       Corpse Rot        |       |       |       |     2 |       |       |       ||     2
       Throw Frost       |       |       |       |     2 |       |       |       ||     2
       Bolt of Magma     |       |       |       |       |    15 |    10 |       ||    25
       Delayed Fireball  |       |       |       |       |     1 |     1 |       ||     2
       Orb of Destructio |       |       |       |       |       |    87 |    10 ||    97
       Fire Storm        |       |       |       |       |       |    38 |    18 ||    56
 Abil: Release Delayed F |       |       |       |       |       |     1 |       ||     1
Evoke: Wand              |       |       |       |     3 |       |     1 |       ||     4
       Staff of energy   |       |       |       |       |       |    49 |     4 ||    53
  Use: Scroll            |       |       |    21 |    11 |     9 |     7 |     4 ||    52
       Potion            |       |       |       |     3 |       |    10 |       ||    13
 Stab: Sleeping          |     2 |       |     1 |     1 |       |       |       ||     4
       Confused          |       |       |       |     2 |       |       |       ||     2
       Distracted        |       |       |       |       |     1 |       |       ||     1
  Eat: Chunk             |     2 |     6 |    12 |    22 |    35 |    37 |    12 ||   126
       Pizza             |       |       |     2 |       |       |     1 |       ||     3
       Bread ration      |       |       |     1 |     3 |       |     4 |       ||     8
       Beef jerky        |       |       |       |     1 |     2 |     1 |       ||     4
       Royal jelly       |       |       |       |     1 |       |       |       ||     1
       Meat ration       |       |       |       |       |       |     2 |       ||     2
Armor: Robe              |     6 |    19 |    41 |    98 |    55 |    19 |     3 ||   241
Dodge: Dodged            |    20 |    43 |   123 |   336 |   311 |   178 |    22 ||  1033
